 Dungeon Crawl Stone Soup version 0.22-a0-601-gb0ed703 (webtiles) character file.

2 Goblin1989 the Ducker (level 1, -1/10 HPs)
             Began as a Felid Chaos Knight on July 6, 2018.
             Slain by a hobgoblin (3 damage)
             ... on level 1 of the Dungeon.
             The game lasted 00:00:32 (92 turns).

Goblin1989 the Ducker (Felid Chaos Knight)            Turns: 92, Time: 00:00:33

Health: -1/10      AC:  1    Str:  8    XL:     1   Next: 33%
Magic:  2/2        EV: 18    Int: 13    God:    Xom [..*...]
Gold:   0          SH:  0    Dex: 15    Spells: 0/0 levels left
                                        Lives:  0   Deaths: 0

rFire    . . .     SeeInvis +     - Unarmed
rCold    . . .     Gourm    .   (shield unavailable)
rNeg     . . .     Faith    .   (armour unavailable)
rPois    .         Spirit   .   (helmet unavailable)
rElec    .         Reflect  .   (cloak unavailable)
rCorr    .         Harm     .   (gloves unavailable)
MR       .....                  (boots unavailable)
Stlth    ++........             (no amulet)
HPRegen  0.03/turn              (no ring)
MPRegen  0.08/turn              (no ring)

@: quick
A: very small, no armour, no weapons or thrown items, stealth, claws 1, fangs 3,
see invisible, carnivore, speed 1, shaggy fur 1, slow metabolism 1, sharp paws
a: Renounce Religion


You were on level 1 of the Dungeon.
You worshipped Xom.
You were a toy of Xom.
You were full.

You visited 1 branch of the dungeon, and saw 1 of its levels.

Inventory:

Scrolls
 f - a scroll of random uselessness {unknown}
Comestibles
 e - 2 rations


   Skills:
 + Level 3.0 Fighting
 + Level 3.2 Dodging
 + Level 0.3 Stealth
 * Level 3.0 Unarmed Combat


You couldn't memorise any spells.
You didn't know any spells.
Your spell library was empty.

Dungeon Overview and Level Annotations

Branches:
Dungeon (1/15)

Altars:


Innate Abilities, Weirdness & Mutations

You cannot wear armour.
You are incapable of wielding weapons or throwing items.
Your paws allow you to move quietly. (Stealth)
You have sharp claws.
You have razor-sharp teeth.
You have supernaturally acute eyesight. (SInv)
You are carnivorous and can eat meat at any time.
You cover ground quickly.
You are covered in fur. (AC +1)
You have a slow metabolism.
Your sharp claws are effective at attacking unaware monsters.


Message History

Found a stone staircase leading down.
A hobgoblin comes into view. It is wielding a club.
You closely miss the hobgoblin.
You kill the hobgoblin!
No target in view!
No target in view!
No target in view!
No target in view!
No target in view!
No target in view!
No target in view!
No target in view!
No target in view!
No target in view!
No target in view!
No target in view!
No target in view!
No target in view!
No target in view!
No target in view!
No target in view!
No target in view!
No target in view!
You butcher the hobgoblin corpse.
g - 3 chunks of flesh You see here a club. x2
Eating one of 3 chunks of flesh.
You eat one of the 3 chunks of flesh.
This raw flesh tastes great.
Eating one of 2 chunks of flesh.
You eat one of the 2 chunks of flesh.
This raw flesh tastes great.
Eating a chunk of flesh.
You eat the chunk of flesh.
This raw flesh tastes great.
e - 2 rations (gained 1)
A bat and a goblin come into view.
The goblin shouts!
You hear a shout!
A hobgoblin comes into view.
The hobgoblin shouts!
The goblin closely misses you.
You closely miss the goblin. Your bite misses the goblin.
You barely miss the goblin. The goblin barely misses you.
You closely miss the goblin. The goblin barely misses you.
You closely miss the goblin. The goblin barely misses you.
You claw the goblin!
You kill the goblin!
The bat misses you.
You scratch the bat.
The bat is moderately wounded.
The bat hits you. The hobgoblin completely misses you.
You take 1 damage, and have 9/10 hp.
You scratch the hobgoblin.
The hobgoblin is moderately wounded.
The bat hits you but does no damage. The hobgoblin completely misses you.
The bat barely misses you.
You barely miss the bat.
The bat is moderately wounded.
The bat misses you. The hobgoblin misses you.
You scratch the bat but do no damage.
The bat is moderately wounded.
The bat completely misses you. The hobgoblin closely misses you.
You barely miss the bat.
The bat is moderately wounded.
The bat completely misses you. The hobgoblin hits you.
Ouch! That really hurt!
* * * LOW HITPOINT WARNING * * *
You are too injured to fight recklessly!
You take 5 damage, and have 4/10 hp.
MASSIVE DAMAGE!!
You are too injured to fight recklessly!
You are too injured to fight recklessly!
You are too injured to fight recklessly!
You are too injured to fight recklessly!
You are too injured to fight recklessly!
You are too injured to fight recklessly!
You are too injured to fight recklessly!
You are too injured to fight recklessly!
You are too injured to fight recklessly!
You are too injured to fight recklessly!
You are too injured to fight recklessly!
You scratch the hobgoblin. Your claw misses the hobgoblin.
Your bite misses the hobgoblin.
The hobgoblin is severely wounded.
The bat misses you. The bat hits you but does no damage.
The hobgoblin barely misses you.
You closely miss the hobgoblin.
The hobgoblin is severely wounded.
The bat barely misses you. The hobgoblin closely misses you.
You barely miss the hobgoblin.
The hobgoblin is severely wounded.
The bat closely misses you. The hobgoblin closely misses you.
You scratch the hobgoblin.
The hobgoblin is almost dead.
The bat misses you. The hobgoblin hits you.
* * * LOW HITPOINT WARNING * * *
You take 2 damage, and have 2/10 hp.
You barely miss the hobgoblin.
The hobgoblin is almost dead.
The bat closely misses you. The hobgoblin misses you.
You closely miss the hobgoblin.
The hobgoblin is almost dead.
The bat completely misses you. The hobgoblin hits you.
You die...

█.███████ █.█ █.....█
█.█ █..█..█ █.█
█..█..███ █.█████
█..██... ......█
█..██..████.█ █.███.█
█..██....... █.█ █.█
█..██...███$█.█. █.█ █.█
█.......@)......
█.███.███.███.b..g......
..............██........
..██.█..█...█.██..█.█..█
.. █.█......█..........█
█.██....██.███...█..█ █.
█....██.█ █..█..█ █.
██..██... ... .. █. █..█


You could see a hobgoblin and a bat.

Vanquished Creatures
  A goblin (D:1)
  A hobgoblin (D:1)
2 creatures vanquished.

Notes
Turn   | Place    | Note
-------+----------+-------------------------------------------
     0 | D:1      | Goblin1989 the Felid Chaos Knight began the quest for the Orb.
     0 | D:1      | Reached XP level 1. HP: 10/10 MP: 2/2
    92 | D:1      | Slain by a hobgoblin

Vault maps used:
D:1:      onia_arrival_mini_spirals, minmay_crystal_water, minmay_misc_feat_x,
          minmay_split_cup_small

Action                   || total
-------------------------++-------
Melee: Unarmed           ||    17
       Punch             ||     1
  Eat: Chunk             ||     3
Armor: Skin              ||     2
Dodge: Dodged            ||    23

Table legend:
 A = Spawn XP
 B = Non-spawn XP
 C = Spawn XP percentage of total XP
 D = Spawn monster count
 E = Non-spawn monster count
 F = Spawn count percentage of total count
 G = Total turns spent on level
                    A         B        C        D         E        F      G
               +---------+---------+-------+---------+---------+-------+---------
         Total |       0 |       4 |   0.0 |       0 |       2 |   0.0 |    92
               +---------+---------+-------+---------+---------+-------+---------
           D:1 |       0 |       4 |   0.0 |       0 |       2 |   0.0 |    92
               +---------+---------+-------+---------+---------+-------+---------

Vault maps used:
D:1:      onia_arrival_mini_spirals, minmay_crystal_water, minmay_misc_feat_x,
          minmay_split_cup_small
